 Dungeon Crawl Stone Soup version 0.29.0-5-ge4962eb29e (webtiles) character file.

Game seed: 111388783216086790

73 BritishOli the Trooper (level 4, 36/36 HPs)
             Began as a Demonspawn Fighter on Aug 28, 2022.
             Got out of the dungeon alive.
             The game lasted 00:01:02 (1861 turns).

BritishOli the Trooper (Demonspawn Fighter)         Turns: 1861, Time: 00:01:02

Health: 36/36      AC:  6    Str: 19    XL:     4   Next: 8%
Magic:  4/4        EV:  9    Int:  9    God:
Gold:   63         SH:  4    Dex: 12    Spells: 3/3 levels left

rFire   . . .      SeeInvis .   a - +0 long sword
rCold   . . .      Faith    .   c - +0 buckler
rNeg    . . .      Spirit   .   b - +0 scale mail
rPois   .          Reflect  .   (helmet restricted)
rElec   .          Harm     .   (no cloak)
rCorr   .          Rampage  .   (no gloves)
Will    .....                   (no boots)
Stlth   ..........              (no amulet)
HPRegen 0.12/turn               (no ring)
MPRegen 0.18/turn               (no ring)

@: no status effects
A: horns 1, ignite blood 1, magic regeneration
a: no special abilities


You escaped.
You visited 1 branch of the dungeon, and saw 2 of its levels.

You collected 63 gold pieces.

Inventory:

Hand Weapons
 a - a +0 long sword (weapon)
Armour
 b - a +0 scale mail (worn)
 c - a +0 buckler (worn)
Jewellery
 g - a ring of wizardry
Scrolls
 e - a scroll of amnesia {unknown}
 h - a scroll of enchant weapon {unknown}
 j - a scroll of blinking {unknown}
 k - a scroll of identify {unknown}
 m - a scroll of enchant armour {unknown}
Potions
 d - 2 potions of might
 f - a potion of haste {unknown}
 i - a potion of attraction {unknown}
 l - a potion of mutation {unknown}


   Skills:
 + Level 3.6 Fighting
 + Level 2.4 Long Blades
 + Level 3.2 Armour
 + Level 3.2 Shields


You had 3 spell levels left.
You didn't know any spells.
Your spell library contained the following spells:

 Spells                   Type           Power      Damage    Failure   Level
 Sandblast                Erth           0%         2d4       85%         1
 Blink                    Tloc           0%         N/A       94%         2
 Passwall                 Tmut/Erth      0%         N/A       94%         2
 Stone Arrow              Conj/Erth      0%         3d7       99%         3
 Manifold Assault         Tloc           0%         N/A       100%        5
 Storm Form               Tmut/Air       0%         N/A       100%        7


Dungeon Overview and Level Annotations

Branches:
Dungeon (2/15)

Altars:

Shops:
D:1 [


Innate Abilities, Weirdness & Mutations

You have a pair of small horns on your head.
Your demonic aura sometimes causes spilled blood to erupt in flames.
You regenerate magic rapidly.


Message History

A quokka comes into view.
Found a gold piece.
A quokka is nearby!
The quokka barely misses you.
You hit the quokka.
The quokka is heavily wounded.
The quokka completely misses you. The quokka closely misses you.
You closely miss the quokka.
The quokka is heavily wounded.
The quokka completely misses you. The quokka closely misses you.
You barely miss the quokka.
The quokka is moderately wounded.
The quokka barely misses you.
You miss the quokka. Your headbutt misses the quokka.
The quokka is moderately wounded.
You block the quokka's attack.
The quokka bites you but does no damage.
You closely miss the quokka.
You headbutt the quokka, but do no damage.
The quokka is moderately wounded.
The quokka misses you.
You barely miss the quokka. You headbutt the quokka.
You kill the quokka!
No target in view!
No target in view!
No target in view!
No target in view!
No target in view!
There is a stone staircase leading up here.
There is a stone staircase leading down here.
There is a stone staircase leading down here.
There is a stone staircase leading up here.
(D) Dungeon
Where to? (Enter - D:2 @ (x,y), ? - help)
There is a stone staircase leading up here.
You climb upwards.
There is a stone staircase leading down here.
There is a staircase leading out of the dungeon here.
Are you sure you want to leave the Dungeon?
This will make you lose the game!
You have escaped!

##########
#≈≈≈≈≈≈≈≈≈≈≈≈≈≈≈≈
#≈~≈~≈~~~≈≈≈≈≈≈≈≈#
#~~.~~~~~~~≈≈≈≈≈≈#
#~~~~~~~~~~~≈≈≈≈≈#
#.....~~~~~≈~≈≈≈≈# #
##......~~..~~≈≈≈# #
#.......~~~~~~≈≈# ####
##.......@~.~~~≈≈# ...#
#............~≈~≈# ##.###
#...........~.~~≈#
.....###.........8.~..~≈#
##.#.##............8~~~≈#
...#.##.....8.......~~~≈#
.###................~.~≈#
...>.....8..........~.~≈#
.#..............###.~≈~≈#


There were no monsters in sight!

Vanquished Creatures
  Jessica (D:2)
  2 adders (D:2)
  2 dart slugs
  2 bats (D:1)
  5 endoplasms
  A giant cockroach (D:2)
  2 goblins (D:1)
  3 hobgoblins
  A quokka (D:2)
  2 ball pythons
  A frilled lizard (D:1)
  A kobold (D:1)
  3 rats
26 creatures vanquished.

Notes
Turn   | Place    | Note
-------+----------+-------------------------------------------
     0 | D:1      | BritishOli the Demonspawn Fighter began the quest for the
                  | Orb.
     0 | D:1      | Reached XP level 1. HP: 18/18 MP: 1/1
    89 | D:1      | Found a faded altar of an unknown god.
   471 | D:1      | Gained mutation: You have a pair of small horns on your
                  | head. [demonic ancestry]
   471 | D:1      | Reached XP level 2. HP: 19/24 MP: 2/2
   602 | D:1      | Found Gief's Antique Armour Emporium.
  1211 | D:2      | Noticed Jessica
  1220 | D:2      | Killed Jessica
  1221 | D:2      | Gained mutation: Your demonic aura sometimes causes spilled
                  | blood to erupt in flames. [demonic ancestry]
  1221 | D:2      | Reached XP level 3. HP: 28/29 MP: 3/3
  1478 | D:2      | Gained mutation: You regenerate magic rapidly. [demonic
                  | ancestry]
  1478 | D:2      | Reached XP level 4. HP: 36/36 MP: 4/4
  1861 | D:$      | Got out of the dungeon alive.

Illustrated notes

Levels and vault maps discovered:
D:1:      nicolae_arrival_washed_ashore, layout_basic, serial_shops,
          nicolae_shop_statue_plus, hellmonk_ecumenical_altar_slurped_away
D:2:      layout_basic, kennysheep_flooded_box, uniq_robin,
          uniq_crazy_yiuf_cottage, uniq_jessica

Skill      XL: |  1  2 |
---------------+-------+-----
Long Blades    | 2 |  2.4
Armour         | 3 |  3.2
Shields        | 3 |  3.2
Fighting       | |  3.6

Action                   |  1- 3 |  4- 6 || total
-------------------------+-------+-------++-------
Melee: Long sword        |    59 |    10 ||    69
       Headbutt          |     7 |     4 ||    11
Armor: Scale mail        |    32 |     4 ||    36
Dodge: Dodged            |    23 |     8 ||    31
Block: Buckler           |    10 |     2 ||    12
